 Dungeon Crawl Stone Soup version 0.23.2-40-g277498a001 (webtiles) character file.

Game seed: 7969172563708024242

31656 Exodus22XD the Harbinger of Death (level 13, -3/96 HPs)
             Began as a Demonspawn Gladiator on Aug 31, 2019.
             Was a High Priest of Yredelemnul.
             Shot with an arrow by Nessos (24 damage)
             ... on level 6 of the Lair of Beasts.
             The game lasted 01:28:41 (19284 turns).

Exodus22XD the Harbinger of Death (DsGl)           Turns: 19284, Time: 01:28:41

Health: -3/96      AC: 13    Str: 20    XL:     13   Next: 27%
Magic:  26/26      EV: 11    Int:  9    God:    Yredelemnul [*****.]
Gold:   784        SH:  0    Dex: 15    Spells: 12/12 levels left

rFire    + . .     SeeInvis +   F - +2 falchion (venom)
rCold    + . .     Gourm    .   (no shield)
rNeg     + . .     Faith    .   E - +3 chain mail {rN+}
rPois    .         Spirit   .   (helmet unavailable)
rElec    .         Reflect  .   x - scarf {rC+ rF+}
rCorr    .         Harm     .   (no gloves)
MR       .....                  (no boots)
Stlth    ..........             K - amulet of rage
HPRegen  2.26/turn              z - ring of wizardry
MPRegen  0.20/turn              (no ring)

@: lethally poisoned (-3 -> -4), very slightly contaminated, invisible
A: antennae 3, demonic guardian 2, powered by death 3
a: Recall Undead Slaves, Injury Mirror, Animate Dead, Drain Life, Enslave Soul,
Renounce Religion, Evoke Berserk Rage


You were on level 6 of the Lair of Beasts.
You worshipped Yredelemnul.
Yredelemnul was extremely pleased with you.
You were hungry.

You visited 3 branches of the dungeon, and saw 16 of its levels.
You also visited: Sewer.

You collected 784 gold pieces.

Inventory:

Hand Weapons
 a - a +0 long sword
 F - a +2 falchion of venom (weapon)
Missiles
 d - 5 throwing nets (quivered)
Armour
 b - a +0 leather armour
 r - a -2 chain mail
 u - a +0 cloak
 x - a scarf of resistance (worn)
 C - the +0 chain mail "Jidi" {rElec Int+3}
   (You found it on level 6 of the Dungeon)

   It affects your intelligence (+3).
   It insulates you from electricity.
 E - a +3 chain mail of positive energy (worn)
 I - a scarf of repulsion
 J - a +2 hat
Jewellery
 i - an uncursed amulet of magic regeneration
 z - a ring of wizardry (left hand)
 K - an amulet of rage (around neck)
 W - an uncursed ring of ice
Wands
 p - a wand of acid (8)
 y - a wand of polymorph (13)
 M - a wand of digging (4)
 U - a wand of flame (17)
 Y - a wand of iceblast (7)
Scrolls
 j - 3 scrolls of fog
 k - 2 scrolls of fear
 l - a scroll of magic mapping
 m - 6 scrolls of enchant armour
 q - 5 scrolls of enchant weapon
 s - 8 scrolls of remove curse
 t - 3 scrolls of vulnerability {unknown}
 v - a scroll of identify
 B - a scroll of teleportation {unknown}
 N - a scroll of noise {unknown}
 P - a scroll of random uselessness {unknown}
 Q - a scroll of immolation {unknown}
 R - a scroll of summoning {unknown}
 V - a scroll of holy word {unknown}
Potions
 c - 5 potions of flight
 g - a potion of invisibility
 h - 3 potions of brilliance
 n - 2 potions of haste
 o - 6 potions of curing
 w - a potion of ambrosia {unknown}
 A - 4 potions of might {unknown}
 D - a potion of cancellation {unknown}
 G - a potion of resistance {unknown}
 H - a potion of mutation {unknown}
 L - 2 potions of magic {unknown}
 O - a potion of berserk rage {unknown}
 S - a potion of heal wounds
 T - a potion of agility {unknown}
Comestibles
 f - 14 rations


   Skills:
 - Level 7.1 Fighting
 - Level 10.4 Long Blades
 - Level 1.7 Throwing
 - Level 8.2 Armour
 - Level 5.5 Dodging
 - Level 0.2 Unarmed Combat
 * Level 19.0 Invocations


You had 12 spell levels left.
You didn't know any spells.
Your spell library contained the following spells:

 Spells                   Type           Power        Failure   Level  Hunger
 Animate Skeleton         Necr           N/A          75%         1    ##.....
 Apportation              Tloc           #.....       75%         1    ##.....
 Confusing Touch          Hex            #.....       75%         1    ##.....
 Pain                     Necr           #...         75%         1    ##.....
 Summon Small Mammal      Summ           #...         75%         1    ##.....
 Ignite Poison            Fire/Tmut/Pois #.......     97%         3    ####...
 Regeneration             Chrm/Necr      #.........   97%         3    ####...
 Vampiric Draining        Necr           #.........   97%         3    ####...
 Animate Dead             Necr           N/A          100%        4    #####..
 Fireball                 Conj/Fire      #.........   100%        5    ######.
 Irradiate                Conj/Tmut      #.........   100%        5    ######.
 Bolt of Fire             Conj/Fire      #.........   100%        6    #######
 Hydra Form               Tmut           #.........   100%        6    #######
 Statue Form              Tmut/Erth      #........    100%        6    #######
 Dragon Form              Tmut           #.........   100%        7    #######
 Ring of Flames           Chrm/Fire      #.........   100%        7    #######
 Ignition                 Fire           #.........   100%        8    #######


Dungeon Overview and Level Annotations

Branches:
Dungeon (9/15)             Temple (1/1) D:4            Lair (6/6) D:8
  Swamp (0/4) Lair:4        Snake (0/4) Lair:3
  Slime: Lair:5-6       Orc: D:9-12

Altars:
Cheibriados
Dithmenos
Elyvilon
Fedhas
Gozag
Makhleb
Okawaru
Qazlal
Ru
Sif Muna
Trog
Vehumet
Wu Jian
Yredelemnul
Zin
The Shining One

Shops:
D:5 *

Annotations:
D:3 Sigmund
D:6 3 runed translucent doors, OrcJesus's ghost, novice SpEn
Lair:6 Nessos


Innate Abilities, Weirdness & Mutations

You have a pair of large antennae on your head. (SInv)
A demonic guardian rushes to your aid.
You regenerate a lot of health from kills.


Message History

What are your orders? t - Shout!
Orders for allies: a - Attack new target. r - Retreat! s - Stop attacking. g - Guard the area. f - Follow me.
Anything else - Cancel.
Gang up on whom?
Press: ? - help, Dir - move target cursor, f - Nessos
Aim: Nessos, wielding a +1 longbow of flaming and wearing a +1 centaur barding (fast) Attack!
You feel sick.
Nessos stands on his hind legs for a moment.
Nessos shoots an arrow.
The arrow hits your orange demon!! The arrow burns your orange demon.
Your orange demon is poisoned.
Nessos shoots an arrow.
The arrow hits your orange demon!! The arrow burns your orange demon.
Your orange demon dies!
You swap places.
You feel sick.
Nessos shoots an arrow.
The arrow hits you!!
You die...
Your body rises from the dead as a mindless zombie.

.≈≈§≈≈.......P# #.........
.≈≈≈≈≈.<....c.## #####..†.÷
.≈≈≈≈≈≈......#.# ###....÷
.≈≈≈≈≈≈≈(#..(.# #.# #.......
..≈≈≈≈..≈...(####...##.#.....
...≈÷..####.(###.....##......
...≈... ##..(# #.#..##......
.P###.. #...3####..P##......
P. .#.####.@.#.#...###......
..#.P.....#......P........
...........................
............................
...........................
..##..#....................
####...##..................
....#.#..........###......
...........###..####......


You could see Nessos and a friendly soul eater.

Vanquished Creatures
  A hydra (Lair:6)
  2 death yaks (Lair:2)
  7 elephants
  3 spiny frogs
  3 rime drakes
  2 komodo dragons
  7 blink frogs
  A dream sheep (Lair:6)
  5 hippogriffs
  6 wyverns
  10 yaks
  3 basilisks
  A warg (Lair:6)
  A naga (Lair:3)
  8 water moccasins
  2 hell hounds
  6 porcupines
  A swamp drake (Lair:6)
  2 ice beasts (D:7)
  3 sky beasts
  2 phantoms
  An ogre (D:8)
  6 wolves
  5 crocodiles
  2 centaurs (D:8)
  A big kobold (D:8)
  9 bullfrogs
  3 scorpions
  3 howler monkeys (D:6)
  2 crimson imps (D:7)
  4 hounds
  Crazy Yiuf (D:5)
  4 orc priests
  A centaur skeleton (D:8)
  2 jellies
  4 iguanas
  5 orc wizards
  5 worker ants
  A hound skeleton (D:8)
  3 gnolls (D:2)
  11 adders
  12 oozes
  An adder zombie (D:7)
  An adder skeleton (D:6)
  2 worms (D:2)
  17 leopard geckos
  17 orcs
  16 ball pythons
  17 giant cockroaches
  11 goblins
  5 hobgoblins
  10 jackals
  3 quokkas
  8 bats
  11 frilled lizards
  2 jackal zombies
  6 kobolds
  A leopard gecko skeleton (D:8)
  10 rats
299 creatures vanquished.

Vanquished Creatures (collateral kills)
  Gastronok (D:8)
  Kirke (Lair:6)
  Harold (D:7)
  8 hydras
  A catoblepas (Lair:5)
  3 death yaks (Lair:2)
  Pikel (D:7)
  A manticore (Lair:4)
  3 black mambas
  7 elephants
  A torpor snail (Lair:3)
  10 spiny frogs
  3 rime drakes
  5 komodo dragons
  6 dream sheep (Lair:6)
  7 blink frogs
  9 hippogriffs
  Eustachio (D:6)
  9 yaks
  4 wyverns
  3 basilisks
  4 insubstantial wisps (Lair:4)
  3 water moccasins
  5 porcupines
  A sky beast (D:5)
  An ogre (D:8)
  4 wolves
  2 crocodiles
  4 bullfrogs
  6 iguanas (Lair:3)
  3 orcs
  2 giant cockroaches (Sewer)
  A frilled lizard (Sewer)
  4 fungi
  2 plants
127 creatures vanquished.

Vanquished Creatures (others)
  A phantasmal warrior (Lair:6)
  8 flying skulls
  2 wraiths (Lair:6)
  A hog (Lair:6)
  4 humans (Lair:6)
  3 wights
  A mummy (Lair:4)
  An orc (D:7)
  30 fungi
  25 plants
76 creatures vanquished.

Grand Total: 502 creatures vanquished

Notes
Turn   | Place    | Note
-------+----------+-------------------------------------------
     0 | D:1      | Exodus22XD the Demonspawn Gladiator began the quest for the
                  | Orb.
     0 | D:1      | Reached XP level 1. HP: 16/16 MP: 1/1
    59 | D:1      | Gained mutation: You have a pair of small antennae on your
                  | head. [demonic ancestry]
    59 | D:1      | Reached XP level 2. HP: 5/22 MP: 2/2
   855 | D:1      | Reached XP level 3. HP: 22/28 MP: 3/3
  1513 | D:2      | Reached skill level 1 in Armour
  1812 | D:2      | Reached XP level 4. HP: 5/34 MP: 4/4
  2989 | D:3      | Noticed Sigmund
  3168 | D:3      | Gained mutation: You have a pair of antennae on your head.
                  | [demonic ancestry]
  3168 | D:3      | Reached XP level 5. HP: 31/39 MP: 5/5
  3836 | D:4      | Found a staircase to the Ecumenical Temple.
  3845 | Temple   | Entered the Ecumenical Temple
  3861 | Temple   | Became a worshipper of Yredelemnul the Dark
  4395 | D:4      | Gained mutation: You regenerate a little health from kills.
                  | [demonic ancestry]
  4395 | D:4      | Reached XP level 6. HP: 20/47 MP: 6/6
  4606 | D:4      | You fall through a shaft for 2 floors!
  4607 | D:6      | Found a stormy altar of Qazlal.
  4679 | D:6      | Reached skill level 5 in Long Blades
  4881 | D:5      | Entered Level 5 of the Dungeon
  4901 | D:5      | Found a glowing drain.
  4929 | Sewer    | Entered a sewer
  4938 | Sewer    | Reached * piety under Yredelemnul
  5343 | Sewer    | Gained mutation: A weak demonic guardian rushes to your
                  | aid. [demonic ancestry]
  5343 | Sewer    | Reached XP level 7. HP: 50/52 MP: 7/7
  5394 | Sewer    | Reached ** piety under Yredelemnul
  6329 | D:5      | Found a blossoming altar of Fedhas.
  6380 | D:5      | HP: 2/53 [sky beast (5)]
  7039 | D:5      | Found an ornate altar of the Wu Jian Council.
  7087 | D:5      | Found a runed translucent door.
  7088 | D:5      | Noticed Crazy Yiuf
  7097 | D:5      | Killed Crazy Yiuf
  7097 | D:5      | Gained mutation: A demonic guardian rushes to your aid.
                  | [demonic ancestry]
  7097 | D:5      | Reached XP level 8. HP: 54/60 MP: 8/8
  7543 | D:5      | Found an iron altar of Okawaru.
  7568 | D:5      | Found Ticielur's General Store.
  7655 | D:5      | Found a bloodstained altar of Trog.
  7655 | D:5      | Found a glowing silver altar of Zin.
  7660 | D:5      | Found a radiant altar of Vehumet.
  7662 | D:5      | Found a shadowy altar of Dithmenos.
  7663 | D:5      | Found a sacrificial altar of Ru.
  7814 | D:6      | Noticed Eustachio
  7827 | D:6      | Killed Eustachio
  7827 | D:6      | Reached skill level 2 in Invocations
  8048 | D:6      | Reached skill level 3 in Invocations
  8084 | D:6      | Reached skill level 4 in Invocations
  8508 | D:6      | Got an encrusted chain mail
  8519 | D:6      | Identified the cursed +0 chain mail "Jidi" {rElec Int+3}
                  | (You found it on level 6 of the Dungeon)
  8564 | D:6      | Reached skill level 5 in Invocations
  8664 | D:6      | Reached *** piety under Yredelemnul
  8673 | D:6      | Found a runed translucent gate.
  8674 | D:6      | Found a runed translucent gate.
  8674 | D:6      | Noticed OrcJesus's ghost (novice SpEn)
  8674 | D:6      | Identified the +6 short sword of Extremism {venom, rElec
                  | MR- Str-5 Int+8}
  8675 | D:6      | Found a runed translucent gate.
  8977 | D:6      | Reached skill level 6 in Invocations
  9237 | D:7      | Noticed Harold
  9251 | D:7      | Killed Harold
  9251 | D:7      | Reached skill level 8 in Invocations
  9251 | D:7      | Reached XP level 9. HP: 66/66 MP: 12/15
  9547 | D:7      | Reached skill level 9 in Invocations
  9794 | D:7      | Reached skill level 10 in Invocations
  9872 | D:7      | Noticed Pikel
  9881 | D:7      | Killed Pikel
  9904 | D:7      | Reached skill level 11 in Invocations
 10148 | D:8      | Found a staircase to the Lair.
 10268 | D:8      | Noticed Gastronok
 10691 | D:8      | Reached **** piety under Yredelemnul
 10817 | D:8      | Killed Gastronok
 10817 | D:8      | Reached skill level 5 in Fighting
 10817 | D:8      | Gained mutation: You regenerate health from kills. [demonic
                  | ancestry]
 10817 | D:8      | Reached XP level 10. HP: 53/74 MP: 18/18
 11141 | Lair:1   | Entered Level 1 of the Lair of Beasts
 11177 | Lair:1   | Noticed a spiny frog
 11181 | Lair:1   | Killed a spiny frog
 11181 | Lair:1   | Reached skill level 5 in Armour
 11449 | Lair:1   | Noticed a spiny frog
 11458 | Lair:1   | Killed a spiny frog
 11487 | Lair:1   | Noticed a spiny frog
 11494 | Lair:1   | Killed a spiny frog
 12438 | Lair:2   | Noticed a six-headed hydra
 12452 | Lair:2   | Killed a six-headed hydra
 12597 | Lair:2   | Noticed a death yak
 12627 | Lair:2   | Killed a death yak
 12804 | Lair:2   | Noticed a death yak
 12805 | Lair:2   | Noticed a death yak
 12819 | Lair:2   | Noticed a death yak
 12826 | Lair:2   | Killed a death yak
 12832 | Lair:2   | Noticed a death yak
 12854 | Lair:2   | Killed a death yak
 12904 | Lair:2   | Killed a death yak
 12904 | Lair:2   | Reached skill level 12 in Invocations
 12904 | Lair:2   | Gained mutation: You regenerate a lot of health from kills.
                  | [demonic ancestry]
 12904 | Lair:2   | Reached XP level 11. HP: 77/81 MP: 18/20
 12905 | Lair:2   | Killed a death yak
 12960 | Lair:2   | Noticed a five-headed hydra
 12975 | Lair:2   | Killed a seven-headed hydra
 13037 | Lair:2   | Received a gift from Yredelemnul (a wight)
 13087 | Lair:2   | Reached skill level 13 in Invocations
 13404 | Lair:2   | Found a white marble altar of Elyvilon.
 13964 | Lair:3   | Found a staircase to the Snake Pit.
 14367 | Lair:3   | Received a gift from Yredelemnul (a wight)
 14393 | Lair:3   | Noticed a four-headed hydra
 14394 | Lair:3   | You fall through a shaft for 3 floors!
 14394 | Lair:6   | Entered Level 6 of the Lair of Beasts
 14413 | Lair:5   | Noticed a four-headed hydra
 14420 | Lair:5   | Noticed a catoblepas
 14471 | Lair:4   | Reached skill level 5 in Dodging
 14811 | Lair:4   | Reached skill level 10 in Long Blades
 14983 | Lair:4   | Received a gift from Yredelemnul (a wight)
 15205 | Lair:4   | Found a staircase to the Swamp.
 15262 | Lair:4   | Received a gift from Yredelemnul (a mummy)
 15294 | Lair:4   | Gained mutation: You have a pair of large antennae on your
                  | head. (SInv) [demonic ancestry]
 15294 | Lair:4   | Reached XP level 12. HP: 80/91 MP: 21/21
 15396 | Lair:4   | Reached skill level 14 in Invocations
 15421 | Lair:4   | Received a gift from Yredelemnul (2 flying skulls)
 15468 | Lair:4   | Noticed an eight-headed hydra
 15478 | Lair:4   | Killed a nine-headed hydra
 16174 | Lair:3   | Found a runed translucent door.
 16193 | Lair:3   | Noticed an eight-headed hydra
 16204 | Lair:3   | Received a gift from Yredelemnul (3 flying skulls)
 16284 | Lair:3   | Reached skill level 15 in Invocations
 16531 | Lair:3   | Killed a four-headed hydra
 16579 | Lair:3   | Killed an eight-headed hydra
 16754 | Lair:5   | Killed a four-headed hydra
 16780 | Lair:5   | Received a gift from Yredelemnul (a wraith)
 16781 | Lair:5   | Reached ***** piety under Yredelemnul
 16781 | Lair:5   | Reached skill level 16 in Invocations
 17132 | Lair:5   | Received a gift from Yredelemnul (3 flying skulls)
 17135 | Lair:5   | Reached skill level 17 in Invocations
 17165 | Lair:5   | Killed a catoblepas
 17454 | Lair:5   | Received a gift from Yredelemnul (a wraith)
 18030 | Lair:6   | Reached XP level 13. HP: 62/96 MP: 22/25
 18037 | Lair:6   | Reached skill level 18 in Invocations
 18696 | Lair:6   | Noticed Kirke
 18723 | Lair:6   | Killed Kirke
 18845 | Lair:6   | Received a gift from Yredelemnul (a phantasmal warrior)
 19252 | Lair:6   | Noticed Nessos
 19280 | Lair:6   | Reached skill level 19 in Invocations
 19284 | Lair:6   | Shot with an arrow by Nessos

Skill      XL: |  1  2  3  4  5  6  7  8  9 10 11 12 13 |
---------------+----------------------------------------+-----
Long Blades    | 3 4 5 6 8 9 10 | 10.4
Dodging        | 3 4 5 |  5.5
Armour         | 1 2 3 4 6 8 |  8.2
Fighting       | 3 4 5 6 7 |  7.1
Invocations    | 8 11 12 13 17 19 | 19.0
Throwing       | |  1.7
Unarmed Combat | |  0.2

Action                   |  1- 3 |  4- 6 |  7- 9 | 10-12 | 13-15 || total
-------------------------+-------+-------+-------+-------+-------++-------
Melee: Long sword        |    85 |   247 |   269 |       |       ||   601
       Falchion          |       |       |   175 |   661 |   102 ||   938
Invok: Injury Mirror     |       |       |       |     1 |       ||     1
       Recall Undead Sla |       |       |       |     1 |       ||     1
Evoke: Wand              |       |       |       |     1 |     3 ||     4
  Use: Scroll            |       |     8 |     4 |     7 |     1 ||    20
       Potion            |       |     2 |     2 |     2 |     1 ||     7
 Stab: Sleeping          |       |     1 |       |       |       ||     1
       Distracted        |       |       |     1 |    10 |       ||    11
       Confused          |       |       |       |       |     1 ||     1
  Eat: Chunk             |     3 |    12 |    14 |    13 |     4 ||    46
       Ration            |       |       |     1 |     3 |       ||     4
Armor: Leather armour    |    13 |    67 |    59 |       |       ||   139
       Chain mail        |       |       |   120 |   255 |    57 ||   432
Dodge: Dodged            |    71 |   278 |   246 |   293 |    66 ||   954
       Deflected         |       |       |       |     3 |       ||     3
       Rpst.: Long sword |    28 |   102 |    44 |       |       ||   174
       Falchion          |       |       |    21 |    79 |    13 ||   113
